 Dungeon Crawl Stone Soup version 0.31-a0-263-ge8cad7f256 (webtiles) character file.

Game seed: 4196060439385012993

14079 GloriousHammer the Skirmisher (level 11, 0/55 HPs)
             Began as a Spriggan Hunter on July 8, 2023.
             Was an Elder of Fedhas.
             Killed by an exploding wolf (24 damage)
             ... ignited by their inner flame
             ... on level 2 of the Lair of Beasts on July 13, 2023.
             The game lasted 00:50:15 (20457 turns).

GloriousHammer the Skirmisher (Spriggan Hunter)    Turns: 20457, Time: 00:50:15

Health: 0/55       AC:  3    Str:  7    XL:     11   Next: 84%
Magic:  15/17      EV: 27    Int: 12    God:    Fedhas [****..]
Gold:   406        SH:  0    Dex: 22    Spells: 4/14 levels left

rFire   . . .        a - +2 orcbow (freeze)
rCold   . . .        (shield currently unavailable)
rNeg    + . .        I - +0 robe
rPois   .            (helmet restricted)
rElec   .            k - +0 cloak
rCorr   .            (gloves unavailable)
SInv    +            (boots unavailable)
Will    +....        (no amulet)
Stlth   +++          N - ring of positive energy
HPRegen 0.29/turn    Z - ring of wizardry
MPRegen 0.15/turn

%: wizardry (x1)
@: very quick
A: very small, no large weapons, unfitting armour, see invisible, speed 3
a: Renounce Religion, Wall of Briars, Grow Ballistomycete, Overgrow


You were on level 2 of the Lair of Beasts.
You worshipped Fedhas.
Fedhas was greatly pleased with you.
You visited 2 branches of the dungeon, and saw 12 of its levels.
You also visited: Sewer.

You collected 577 gold pieces.
You spent 171 gold pieces at shops.

Inventory:

Hand Weapons
 a - a +2 orcbow of freezing (weapon)
 b - a +1 dagger of venom
Missiles
 d - 2 throwing nets
 f - 33 poisoned darts
 j - a curare-tipped dart
Armour
 k - a +0 cloak (worn)
 I - a +0 robe (worn)
Jewellery
 c - a ring of ice
 C - a ring of ice
 N - a ring of positive energy (left hand)
 Z - a ring of wizardry (right hand)
Wands
 h - a wand of roots (5)
 r - a wand of acid (4)
 A - a wand of flame (33)
 B - a wand of polymorph (6)
 H - a wand of paralysis (4)
Scrolls
 g - 3 scrolls of poison
 p - 4 scrolls of teleportation
 q - 3 scrolls of blinking
 s - a scroll of fog
 t - a scroll of summoning
 v - 2 scrolls of revelation
 x - a scroll of silence
 y - a scroll of butterflies
 z - a scroll of amnesia
 D - 3 scrolls of immolation
 J - 2 scrolls of vulnerability {unknown}
Potions
 e - 2 potions of brilliance {unknown}
 i - 4 potions of enlightenment {unknown}
 l - 3 potions of degeneration {unknown}
 m - 2 potions of lignification
 n - a potion of berserk rage {unknown}
 o - 4 potions of heal wounds
 u - 3 potions of curing
 w - 3 potions of invisibility {unknown}
 E - a potion of ambrosia {unknown}
 F - a potion of cancellation {unknown}
 G - 2 potions of haste {unknown}


   Skills:
 - Level 5.0 Fighting
 + Level 11.9 Ranged Weapons
 + Level 10.5 Dodging
 - Level 5.0 Stealth
 - Level 2.0 Spellcasting
 - Level 5.0 Hexes
 + Level 7.5 Translocations
 - Level 3.0 Fire Magic
 + Level 7.5 Invocations
 - Level 6.0 Evocations


You had 4 spell levels left.
You knew the following spells:

 Your Spells              Type           Power      Damage    Failure   Level
a - Inner Flame           Hex/Fire       10%        N/A       6%          3
b - Tukima's Dance        Hex            13%        N/A       4%          3
c - Passage of Golubria   Tloc           19%        N/A       4%          4

Your spell library contained the following spells:

 Spells                   Type           Power      Damage    Failure   Level
 Summon Small Mammal      Summ           4%         N/A       11%         1
 Summon Guardian Golem    Hex/Summ       7%         N/A       12%         3
 Sublimation of Blood     Necr           1%         N/A       16%         2
 Wereblood                Tmut           1%         N/A       16%         2
 Call Canine Familiar     Summ           1%         N/A       32%         3
 Ozocubu's Armour         Ice            1%         N/A       32%         3
 Metabolic Englaciation   Hex/Ice        3%         N/A       69%         5
 Yara's Violent Unravell  Hex/Tmut       3%         3d4       69%         5
 Simulacrum               Ice/Necr       0%         N/A       100%        6
 Enfeeble                 Hex            6%         N/A       100%        7
 Summon Hydra             Summ           0%         N/A       100%        7


Dungeon Overview and Level Annotations

Branches:
Dungeon (10/15)            Temple (0/1) D:6            Lair (2/5) D:10
 Spider (0/4) Lair:2          Orc (0/2) D:10          Sewer (visited)
  Swamp: Lair:2-3    Shoals: Lair:2-3

Altars:
Cheibriados
Dithmenos
Elyvilon
Fedhas
Hepliaklqana
Nemelex Xobeh
Trog

Shops:
D:4 *   D:9 *

Annotations:
D:1 exclusion: downstairs
D:4 2 transporters, MathMan16's ghost, amateur MfSh
D:6 1 runed translucent door, garrulousMonolith's ghost, novice GrEE
Lair:1 exclusion: boulder beetle


Innate Abilities, Weirdness & Mutations

You are very small and have problems with some larger weapons.
You are too small for most types of armour.
You have supernaturally acute eyesight. (SInv)
You cover ground extremely quickly. (Speed+++)


Message History

The arrow freezes the wolf.
The wolf is lightly wounded.
You feel sick. The wolf completely misses you.
Fire: a) +2 orcbow (freeze)
Press: ? - help, Q - select action, (/) - cycle Shift-Dir - straight line, f/p - wolf
Aim: a wolf (lightly wounded, 52% to hit)
You shoot an arrow. The arrow closely misses the wolf.
The arrow hits the wolf!
The arrow freezes the wolf.
You kill the wolf!
Fedhas appreciates your contribution to the ecosystem.
You feel sick.
You hear a loud, deep croak!
The wolf completely misses you.
A bullfrog comes into view.
The wolf completely misses you.
Fire: a) +2 orcbow (freeze)
Press: ? - help, Q - select action, (/) - cycle Shift-Dir - straight line, f - wolf
Aim: a wolf (inner flame, 52% to hit)
You shoot an arrow. The arrow hits the wolf.
The arrow freezes the wolf.
The wolf is lightly wounded.
You feel sick. The wolf completely misses you.
Fire: a) +2 orcbow (freeze)
Press: ? - help, Q - select action, (/) - cycle Shift-Dir - straight line, f/p - wolf
Aim: a wolf (inner flame, 52% to hit)
You shoot an arrow. The arrow closely misses the wolf.
The arrow barely misses the wolf.
You feel sick. The wolf completely misses you. x2
Fire: a) +2 orcbow (freeze)
Press: ? - help, Q - select action, (/) - cycle Shift-Dir - straight line, f - wolf
Aim: a wolf (lightly wounded, 52% to hit)
You shoot an arrow. The arrow barely misses the wolf.
You feel sick. The wolf completely misses you. x2
Fire: a) +2 orcbow (freeze)
Press: ? - help, Q - select action, (/) - cycle Shift-Dir - straight line, f/p - wolf
Aim: a wolf (lightly wounded, 52% to hit)
You shoot an arrow. The arrow hits the wolf.
The arrow freezes the wolf.
The wolf is moderately wounded.
You feel sick. The wolf misses you.
Fire: a) +2 orcbow (freeze)
Press: ? - help, Q - select action, (/) - cycle Shift-Dir - straight line, f/p - wolf
Aim: a wolf (moderately wounded, 52% to hit)
You shoot an arrow. The arrow hits the wolf!
The arrow freezes the wolf.
The wolf is almost dead.
You feel sick.
You are no longer poisoned.
The wolf completely misses you. The wolf barely misses you.
The wolf misses you.
Fire: a) +2 orcbow (freeze)
Press: ? - help, Q - select action, (/) - cycle Shift-Dir - straight line, f/p - wolf
Aim: a wolf (almost dead, 52% to hit)
You shoot an arrow. The arrow barely misses the wolf.
The wolf completely misses you. x3
Fire: a) +2 orcbow (freeze)
Press: ? - help, Q - select action, (/) - cycle Shift-Dir - straight line, f/p - wolf
Aim: a wolf (almost dead, 52% to hit)
You shoot an arrow. The arrow closely misses the wolf.
The wolf completely misses you. x2; The wolf misses you.
Fire: a) +2 orcbow (freeze)
Press: ? - help, Q - select action, (/) - cycle Shift-Dir - straight line, f/p - wolf
Aim: a wolf (almost dead, 52% to hit)
You shoot an arrow. The arrow barely misses the wolf.
The wolf misses you. The wolf completely misses you. x2
Fire: a) +2 orcbow (freeze)
Press: ? - help, Q - select action, (/) - cycle Shift-Dir - straight line, f/p - wolf
Aim: a wolf (almost dead, 52% to hit)
You shoot an arrow. The arrow misses the wolf.
The wolf misses you. The wolf bites you! The wolf closely misses you.
Fire: a) +2 orcbow (freeze)
Press: ? - help, Q - select action, (/) - cycle Shift-Dir - straight line, f/p - wolf
Aim: a wolf (almost dead, 52% to hit)
You shoot an arrow. The arrow closely misses the wolf.
The wolf closely misses you. x2; The wolf misses you.
Fire: a) +2 orcbow (freeze)
Press: ? - help, Q - select action, (/) - cycle Shift-Dir - straight line, f/p - wolf
Aim: a wolf (almost dead, 52% to hit)
You shoot an arrow. The arrow barely misses the wolf.
The wolf closely misses you. The wolf barely misses you. The wolf misses you.
Fire: a) +2 orcbow (freeze)
Press: ? - help, Q - select action, (/) - cycle Shift-Dir - straight line, f/p - wolf
Aim: a wolf (almost dead, 52% to hit)
You shoot an arrow. The arrow hits the wolf.
The arrow freezes the wolf.
You kill the wolf!
Fedhas appreciates your contribution to the ecosystem.
The wolf closely misses you. The wolf completely misses you.
Fire: a) +2 orcbow (freeze)
Press: ? - help, Q - select action, (/) - cycle Shift-Dir - straight line, f - wolf
Aim: a wolf (inner flame, 52% to hit)
You shoot an arrow. The arrow hits the wolf!
Flame seeps out of the wolf.
The arrow freezes the wolf.
Flame seeps out of the wolf.
The wolf is heavily wounded.
The wolf is engulfed in blazing flames.
Flame seeps out of the wolf.
The wolf misses you.
The bullfrog hits you but does no damage.
The wolf is engulfed in blazing flames.
Fedhas appreciates your contribution to the ecosystem.
The wolf explodes!
The fiery explosion engulfs you!!
You die...
Fedhas appreciates your contribution to the ecosystem.

........#P..#
#......#P...
........###.#
##....###...
........###.#
#....##....
............#
###..###...
.........#..# ##..###.#
........###### #.......
.........##.§## ........
.............○##
#.#.....
...........#.#@# #.P...
......#......F## .
..#... ......#...#...###
## .# . #...
.....^....##..#.##P##.##
....#
.....P#.................
.....#
.......S.##†...........
......
........#.†..h.......
... ..
...........h.###.#.... #
... .##...h#..#### .. ..


You could see a bullfrog.

Vanquished Creatures
  A hydra (Lair:1)
  2 two-headed ogres
  An orb spider (Lair:2)
  3 black mambas
  3 cane toads (Lair:1)
  A rime drake (Lair:1)
  A komodo dragon (D:10)
  A troll (D:10)
  3 blink frogs (Lair:1)
  A wyvern (D:9)
  A steam dragon (D:7)
  A basilisk (Lair:2)
  14 yaks
  11 water moccasins
  An orc warrior (D:10)
  A sky beast (D:6)
  4 black bears
  2 ogres (D:6)
  14 wolves
  4 centaurs
  A phantom (D:6)
  3 kobold brigands
  6 bullfrogs
  2 gnoll sergeants
  3 scorpions
  10 wights
  8 killer bees
  3 howler monkeys
  2 gnoll boudas
  3 orc priests
  2 hounds
  A jelly (D:5)
  8 orc wizards
  A hell rat (Sewer)
  4 iguanas
  15 gnolls
  6 river rats
  10 adders
  A white imp (D:6)
  4 worms
  7 dart slugs
  27 orcs
  8 endoplasms
  A giant cockroach (D:2)
  7 goblins
  3 hobgoblins
  7 jackals
  15 kobolds
  A quokka (D:2)
  8 ball pythons
  9 bats
  4 frilled lizards
  19 rats
  A butterfly (D:6)
280 creatures vanquished.

Vanquished Creatures (collateral kills)
  An orc warrior (D:9)
  A kobold (D:9)
2 creatures vanquished.

Vanquished Creatures (others)
  5 dancing weapons
  A sleepcap (D:6)
  An endoplasm (D:4)
7 creatures vanquished.

Grand Total: 289 creatures vanquished

Notes
Turn   | Place    | Note
-------+----------+-------------------------------------------
     0 | D:1      | GloriousHammer the Spriggan Hunter began the quest for the
                  | Orb.
     0 | D:1      | Reached XP level 1. HP: 10/10 MP: 2/2
    81 | D:1      | Reached XP level 2. HP: 12/14 MP: 3/3
   329 | D:1      | Found a faded altar of an unknown god.
   669 | D:1      | Reached skill level 5 in Ranged Weapons
   670 | D:1      | Reached XP level 3. HP: 16/18 MP: 4/4
  1162 | D:2      | Reached XP level 4. HP: 14/22 MP: 5/5
  1248 | D:2      | Upgraded the game from 0.31-a0-233-g139696dc86 to
                  | 0.31-a0-246-g8cbcc1cb85
  1508 | D:2      | Reached skill level 6 in Ranged Weapons
  1767 | D:3      | Upgraded the game from 0.31-a0-246-g8cbcc1cb85 to
                  | 0.31-a0-263-ge8cad7f256
  1948 | D:3      | Found a blossoming altar of Fedhas.
  1957 | D:3      | Reached XP level 5. HP: 25/25 MP: 6/6
  2033 | D:3      | Found a glowing drain.
  2047 | Sewer    | Entered a sewer
  2222 | Sewer    | Reached skill level 7 in Ranged Weapons
  2387 | D:3      | Became a worshipper of Fedhas Madash
  2652 | D:3      | Found a sparkling altar of Nemelex Xobeh.
  2661 | D:3      | Found a shadowy altar of Dithmenos.
  2712 | D:4      | Found Jeiqac's Assorted Antiques.
  2854 | D:4      | Bought a puce potion for 27 gold pieces
  2854 | D:4      | Bought a scroll labelled AROD XUTOC for 30 gold pieces
  2854 | D:4      | Bought a bubbling amethyst potion for 27 gold pieces
  2854 | D:4      | Bought a scroll labelled KUEFRA ZEHOQE for 30 gold pieces
  2854 | D:4      | Bought a scroll labelled YCEVAROGUM for 30 gold pieces
  2854 | D:4      | Bought a sapphire potion for 27 gold pieces
  2876 | D:4      | Found a transporter.
  2881 | D:4      | Noticed MathMan16's ghost (amateur MfSh)
  2885 | D:4      | Found a transporter.
  2947 | D:4      | Reached XP level 6. HP: 30/30 MP: 7/7
  3814 | D:5      | Entered Level 5 of the Dungeon
  3947 | D:5      | Reached * piety under Fedhas
  4386 | D:5      | Reached skill level 1 in Invocations
  4386 | D:5      | Reached XP level 7. HP: 35/35 MP: 8/8
  4806 | D:6      | Found a staircase to the Ecumenical Temple.
  4929 | D:6      | Found a hazy altar of Hepliaklqana.
  4936 | D:6      | Reached skill level 8 in Ranged Weapons
  5643 | D:6      | Reached XP level 8. HP: 40/40 MP: 10/10
  5705 | D:6      | Reached skill level 5 in Dodging
  5804 | D:6      | Found a runed translucent door.
  5937 | D:6      | Noticed garrulousMonolith's ghost (novice GrEE)
  6063 | D:6      | Learned a level 3 spell: Inner Flame
  6067 | D:6      | Learned a level 3 spell: Tukima's Dance
  6382 | D:6      | Found a staircase to the Ecumenical Temple.
  6460 | D:6      | Reached skill level 1 in Spellcasting
  6460 | D:6      | Reached skill level 1 in Hexes
  6735 | D:7      | Reached skill level 9 in Ranged Weapons
  6819 | D:7      | Reached skill level 1 in Fire Magic
  7475 | D:6      | Found a runed translucent door.
  7651 | D:6      | Found a hazy altar of Hepliaklqana.
  7992 | D:6      | Reached ** piety under Fedhas
  9621 | D:7      | Found a snail-covered altar of Cheibriados.
  9621 | D:7      | Found a white marble altar of Elyvilon.
  9930 | D:7      | Reached XP level 9. HP: 25/44 MP: 13/13
 10482 | D:8      | Identified the +6 scale mail of the Date {+Blink rElec}
 11774 | D:8      | Found a bloodstained altar of Trog.
 12423 | D:8      | Reached skill level 10 in Ranged Weapons
 12580 | D:9      | Found Zauf's CLEARANCE SALE!.
 13029 | D:9      | Reached *** piety under Fedhas
 13207 | D:9      | Noticed a two-headed ogre
 13229 | D:9      | Killed a two-headed ogre
 13230 | D:9      | Reached skill level 5 in Hexes
 13230 | D:9      | Reached skill level 5 in Invocations
 13230 | D:9      | Reached XP level 10. HP: 49/49 MP: 14/14
 13408 | D:9      | Learned a level 4 spell: Passage of Golubria
 13608 | D:9      | Reached skill level 1 in Translocations
 13914 | D:10     | Entered Level 10 of the Dungeon
 13940 | D:9      | Reached skill level 1 in Evocations
 14281 | D:10     | Noticed a two-headed ogre
 14299 | D:10     | Killed a two-headed ogre
 14628 | D:10     | Reached skill level 11 in Ranged Weapons
 14644 | D:10     | Reached skill level 5 in Stealth
 14645 | D:10     | Reached **** piety under Fedhas
 15311 | D:10     | Found a staircase to the Lair.
 15429 | D:10     | Reached XP level 11. HP: 53/54 MP: 13/16
 15880 | D:10     | Found a staircase to the Orcish Mines.
 16147 | Lair:1   | Entered Level 1 of the Lair of Beasts
 16155 | Lair:1   | Reached skill level 5 in Translocations
 17005 | Lair:1   | Noticed a boulder beetle
 18121 | Lair:1   | Noticed an eight-headed hydra
 18169 | Lair:1   | Killed an eight-headed hydra
 18170 | Lair:1   | Reached skill level 5 in Fighting
 18170 | Lair:1   | Reached skill level 5 in Evocations
 18788 | Lair:1   | Reached skill level 10 in Dodging
 19500 | Lair:2   | Found a hole to the Spider Nest.
 19500 | Lair:2   | Noticed an orb spider
 20251 | Lair:2   | Killed an orb spider
 20457 | Lair:2   | Killed by an exploding wolf... ignited by their inner flame

Illustrated notes

Levels and vault maps discovered:
D:1:      lemuel_arrival_hallway, layout_loops_ring, basic_ecumenical_altar
D:2:      layout_rooms, skrybe_limestone_x, minmay_pentomino_s2
D:3:      layout_rooms, fedhas_altar_3, mainiacjoe_overflow_swirl,
          lightli_sewer_entry_pipes, hex_large
D:4:      layout_basic, gammafunk_ghost_mausoleum, kennysheep_windowed_goal
D:5:      layout_basic
D:6:      layout_basic, lemuel_tele_altar, minmay_temple_entry_butterflies,
          ebering_ghost_reflecting_pool, hangedman_decor_growths
D:7:      layout_cave_pools, mainiacjoe_overflow_divided_tiny
D:8:      layout_cave_pods, mainiacjoe_overflow_boulevard
D:9:      layout_basic, kennysheep_decorative_pillar, nicolae_shop_clearance
D:10:     layout_irregular_city, due_lair_maze_entry_diamond,
          dreamdust_princess_bridge
Lair:1:   cheibrodos_lair_river_kwai, layout_long_grid, st_stairs_10
Lair:2:   layout_gridlike, nicolae_spider_entry_orb_guardian,
          infiniplex_staircase_pool_2, grunt_megastairs_5, serial_bayou_shore_b

Skill      XL: |  1  2  3  4  5  6  7  8  9 10 11 |
---------------+----------------------------------+-----
Ranged Weapons | 5 6 7 8 9 10 11 | 11.9
Dodging        | 3 4 6 7 9 10 | 10.5
Stealth        | 3 5 |  5.0
Fighting       | 2 3 4 5 |  5.0
Invocations    | 1 2 3 5 6 7 |  7.5
Spellcasting   | 2 |  2.0
Hexes          | 2 5 |  5.0
Fire Magic     | 1 3 |  3.0
Translocations | 4 7 |  7.5
Evocations     | 4 6 |  6.0

Action                     |  1- 3 |  4- 6 |  7- 9 | 10-12 || total
---------------------------+-------+-------+-------+-------++-------
  Melee: Dagger            |       |       |     5 |     2 ||     7
   Fire: Shortbow          |   109 |   270 |   426 |       ||   805
         Orcbow            |       |       |    71 |   400 ||   471
  Throw: Dart              |       |     1 |       |       ||     1
   Cast: Tukima's Dance    |       |       |     8 |     6 ||    14
         Inner Flame       |       |       |       |    11 ||    11
  Evoke: Wand              |       |       |     6 |     4 ||    10
    Use: Scroll            |       |       |    15 |     2 ||    17
         Potion            |       |       |     1 |       ||     1
   Stab: Paralysed         |       |       |       |     2 ||     2
 Armour: Robe              |     8 |     3 |    10 |     8 ||    29
  Dodge: Dodged            |    42 |    33 |   116 |   196 ||   387

Table legend: (Time is in decaauts)
 A = Elapsed time spent in this place.
 B = Non-inter-level travel time spent in this place.
 C = Inter-level travel time spent in this place.
 D = Time resting spent in this place.
 E = Time spent auto-exploring this place.
 F = Levels seen in this place.
 G = Mean time per level.
                   A        B        C        D        E       F      G
               +--------+--------+--------+--------+--------+-----+--------+
         Total |  16335 |  15903 |    432 |   8088 |   4338 |  13 | 1256.5 |
       Dungeon |  12554 |  12131 |    423 |   5995 |   3481 |  10 | 1255.4 |
          Lair |   3498 |   3489 |      9 |   1959 |    852 |   2 | 1749.0 |
         Sewer |    282 |    282 |      0 |    133 |      4 |   1 |  282.0 |
               +--------+--------+--------+--------+--------+-----+--------+

Top non-repeatable levels by time:
  Lair:1: 3137 daAuts
     D:6: 2797 daAuts
     D:8: 1699 daAuts
    D:10: 1688 daAuts
     D:7: 1632 daAuts
     D:9: 1423 daAuts
     D:4: 920 daAuts
     D:5: 722 daAuts
     D:1: 660 daAuts
     D:2: 550 daAuts
     D:3: 458 daAuts
  Lair:2: 361 daAuts
   Sewer: 282 daAuts
